 Dungeon Crawl Stone Soup version 0.26-a0-501-g57170428f2 (webtiles) character file.

Game seed: 8357320832124278679

74 ANON1729 the Vexing (level 4, -3/44 HPs)
             Began as an Ogre Arcane Marksman on Aug 7, 2020.
             Slain by a worm (11 damage)
             ... on level 2 of the Dungeon.
             The game lasted 00:03:14 (1251 turns).

ANON1729 the Vexing (Ogre Arcane Marksman)          Turns: 1251, Time: 00:03:15

Health: -3/44      AC:  3    Str: 14    XL:     4   Next: 30%
Magic:  7/7        EV: 10    Int: 15    God:
Gold:   44         SH:  0    Dex:  9    Spells: 6/7 levels left

rFire    . . .     SeeInvis .   f - +1 dagger (vamp)
rCold    . . .     Faith    .   (no shield)
rNeg     . . .     Spirit   .   a - +0 robe
rPois    .         Reflect  .   (helmet restricted)
rElec    .         Harm     .   (no cloak)
rCorr    .                      (gloves unavailable)
MR       .....                  (boots unavailable)
Stlth    +.........             (no amulet)
HPRegen  0.14/turn              (no ring)
MPRegen  0.10/turn              (no ring)

@: no status effects
A: large, unfitting armour, tough skin 1
a: no special abilities


You were on level 2 of the Dungeon.
You visited 1 branch of the dungeon, and saw 2 of its levels.

You collected 44 gold pieces.

Inventory:

Hand Weapons
 f - a +1 vampiric dagger (weapon)
Missiles
 b - 77 stones
 c - 2 large rocks (quivered)
 d - 4 throwing nets
 g - 14 poisoned darts
 k - 2 javelins
Armour
 a - a +0 robe (worn)
Scrolls
 h - a scroll of immolation {unknown}
 i - 2 scrolls of remove curse {unknown}
 j - a scroll of fog {unknown}
 l - a scroll of teleportation {unknown}
 n - 2 scrolls of identify {unknown}
Potions
 e - a potion of degeneration {unknown}
 m - a potion of ambrosia {unknown}
 o - a potion of curing {unknown}
 p - a potion of invisibility {unknown}


   Skills:
 + Level 2.5 Fighting
 + Level 2.5 Throwing
 + Level 2.3 Dodging
 + Level 2.2 Spellcasting
 + Level 3.1 Hexes


You had 6 spell levels left.
You knew the following spells:

 Your Spells              Type           Power        Failure   Level
a - Corona                Hex            ##.....      6%          1

Your spell library contained the following spells:

 Spells                   Type           Power        Failure   Level
 Slow                     Hex            ##......     9%          2
 Inner Flame              Hex/Fire       #.......     34%         3
 Portal Projectile        Hex/Tloc       #.....       34%         3
 Cause Fear               Hex            ##........   50%         4
 Leda's Liquefaction      Hex/Erth       #.........   75%         4


Dungeon Overview and Level Annotations

Branches:
Dungeon (2/15)

Altars:
Yredelemnul


Innate Abilities, Weirdness & Mutations

You are too large for most types of armour.
You have tough skin. (AC +1)


Message History

The worm is heavily wounded.
The worm bites you.
* * * LOW HITPOINT WARNING * * *
You hit the worm.
The worm is heavily wounded.
You hit the worm but do no damage.
The worm is heavily wounded.
The worm bites you.
* * * LOW HITPOINT WARNING * * *
You see here a stone.
b - 76 stones (gained 1)
You see here a stone.
b - 77 stones (gained 1) Throwing (i - inventory. (/) - cycle)
c - 3 large rocks (quivered)
Press: ? - help, Shift-Dir - straight line, f - worm
Aim: a worm (moderately wounded)
You throw a large rock. The large rock hits the worm.
The worm is heavily wounded.
The worm bites you!
You die...

.. #.....#
#.##.#..# #.....#
###.......#
#.....#
#......#.## ##
#.#.####.# #.#
#.#.####.# ##
#.## #.#......#
.##>#
#.######)########
.....#......#.#
#.#.#.##.#@#.#
#....#..w...#
##.#.##(#.###
#.)....#.#
###.####.# #..
..# #### ###


You could see a worm.

Vanquished Creatures
  Terence (D:2)
  2 adders (D:2)
  An ooze (D:2)
  2 bats
  3 giant cockroaches
  3 goblins
  5 hobgoblins
  4 kobolds
  3 frilled lizards
  2 rats
26 creatures vanquished.

Notes
Turn   | Place    | Note
-------+----------+-------------------------------------------
     0 | D:1      | ANON1729 the Ogre Arcane Marksman began the quest for the
                  | Orb.
     0 | D:1      | Reached XP level 1. HP: 19/19 MP: 2/2
   188 | D:1      | Reached XP level 2. HP: 11/28 MP: 4/4
   804 | D:2      | Noticed Terence
   819 | D:2      | Killed Terence
   819 | D:2      | Reached skill level 3 in Hexes
   819 | D:2      | Reached XP level 3. HP: 34/35 MP: 2/5
  1075 | D:2      | Reached XP level 4. HP: 44/44 MP: 7/7
  1101 | D:2      | Found a basalt altar of Yredelemnul.
  1251 | D:2      | Slain by a worm

Illustrated notes

Levels and vault maps discovered:
D:1:      minmay_arrival_shattered_statue, layout_loops_cross
D:2:      layout_loops_cross, old_standard_altar, kiku_gazebo_pond_becter,
          nicolae_gozag_seed_capital, uniq_terence, uniq_natasha

Skill      XL: |  1  2  3 |
---------------+----------+-----
Dodging        | 2 |  2.3
Fighting       | 2 |  2.5
Hexes          | 3 |  3.1
Spellcasting   | 2 |  2.2
Throwing       | |  2.5

Action                   |  1- 3 |  4- 6 || total
-------------------------+-------+-------++-------
Melee: Dagger            |    61 |    70 ||   131
       Unarmed           |     2 |       ||     2
Throw: Large rock        |     6 |     1 ||     7
       Stone             |     5 |       ||     5
 Cast: Corona            |     3 |       ||     3
Armor: Robe              |    16 |    28 ||    44
Dodge: Dodged            |    41 |    33 ||    74

Table legend: (Time is in decaauts)
 A = Elapsed time spent in this place.
 B = Non-inter-level travel time spent in this place.
 C = Inter-level travel time spent in this place.
 D = Time resting spent in this place.
 E = Time spent auto-exploring this place.
 F = Levels seen in this place.
 G = Mean time per level.
                   A        B        C        D        E       F      G
               +--------+--------+--------+--------+--------+-----+--------+
         Total |   1255 |   1233 |     22 |    330 |    630 |   2 |  627.5 |
       Dungeon |   1255 |   1233 |     22 |    330 |    630 |   2 |  627.5 |
               +--------+--------+--------+--------+--------+-----+--------+

Top non-repeatable levels by time:
     D:1: 804 daAuts
     D:2: 451 daAuts
